 Dungeon Crawl Stone Soup version 0.30-a0-576-g89cddaab80 (webtiles) character file.

Game seed: 2823155174137625458

92240 demibob the Brawler (level 15, -1/143 HPs)
             Began as a Troll Chaos Knight on Dec 30, 2022.
             Was a Follower of Jiyva.
             Slain by a large abomination (20 damage)
             ... on level 3 of the Abyss.
             The game lasted 01:12:06 (24440 turns).

demibob the Brawler (Troll Chaos Knight)           Turns: 24440, Time: 01:12:07

Health: -1/143     AC: 23    Str: 31 (32) XL:     15   Next: 57%
Magic:  14/14      EV: 12    Int:  4      God:    Jiyva [*.....]
Gold:   1322       SH: 22    Dex: 20      Spells: 14/14 levels left

rFire   + + .      SeeInvis +      - Unarmed
rCold   + + .      Faith    +    v - +2 tower shield {AC+3}
rNeg    . . .      Spirit   .    i - +4 fire dragon scales
rPois   .          Reflect  .    (helmet unavailable)
rElec   +          Harm     .    O - scarf {+Inv}
rCorr   .          Rampage  .    (gloves unavailable)
Will    +....                    (boots unavailable)
Stlth   +                        n - amulet of faith {!P}
HPRegen 2.03/turn                E - +5 ring of evasion
MPRegen 0.39/turn                u - ring "Tuloashi" {Str+5 SInv}

@: unable to drink
A: large, unfitting armour, claws 3, regeneration 1, shaggy fur 1, tough skin 1,
antennae 3, talons 2, iridescent scales 1, thin skeletal structure 1, agile 1,
cold resistance 3, deterioration 1, electricity resistance, strong 1, evolution
1, MP-powered wands, [dopey 1], [inability to drink after injury 1]
a: Renounce Religion, Evoke Invisibility


You were on level 3 of the Abyss.
You worshipped Jiyva.
Jiyva was aware of your devotion.
You visited 5 branches of the dungeon, and saw 25 of its levels.
You visited the Abyss 1 time.

You collected 2755 gold pieces.
You spent 1433 gold pieces at shops.


Innate Abilities, Weirdness & Mutations

You are too large for most types of armour.
You have claws for hands.
Your natural rate of healing is unusually fast.
You are covered in fur. (AC +1)
You have tough skin. (AC +1)
You have a pair of large antennae on your head. (SInv)
You have razor-sharp toenails.
You are partially covered in iridescent scales. (AC +2)
You have a somewhat thin skeletal structure. (Dex +2, Stealth+)
You are agile. (Dex +4, Str/Int -1)
Your flesh is almost immune to the effects of cold. (rC+++)
Your body sometimes deteriorates upon taking damage.
You are resistant to electric shocks. (rElec)
Your muscles are strong. (Str +4, Int/Dex -1)
You have hidden genetic potential.
You expend magic power (3 MP) to strengthen your wands.
[You are dopey. (Int -2)]
[You occasionally lose the ability to drink potions when taking damage.]


   Skills:
 + Level 8.0 Fighting
 - Level 7.0 Throwing
 - Level 12.8 Armour
 - Level 1.9 Dodging
 - Level 13.9 Shields
 + Level 17.4 Unarmed Combat


You had 14 spell levels left.
You didn't know any spells.
Your spell library contained the following spells:

 Spells                   Type           Power      Damage    Failure   Level
 Scorch                   Fire           0%         2d5       99%         2
 Sublimation of Blood     Necr           0%         N/A       99%         2
 Ignite Poison            Fire/Tmut/Pois 0%         N/A       100%        3
 Kindle Blastsparks       Fire/Tloc/Air  0%         2d10      100%        3
 Airstrike                Air            0%         2d(0-16)  100%        4
 Animate Armour           Summ/Erth      0%         N/A       100%        4
 Flame Wave               Conj/Fire      0%         2d4       100%        4
 Olgreb's Toxic Radiance  Pois           0%         N/A       100%        4
 Petrify                  Tmut/Erth      0%         N/A       100%        4
 Summon Lightning Spire   Summ/Air       0%         N/A       100%        4
 Blade Hands              Tmut           0%         N/A       100%        5
 Freezing Cloud           Conj/Ice/Air   0%         6-21      100%        5
 Irradiate                Conj/Tmut      0%         3d11      100%        5
 Lightning Bolt           Conj/Air       0%         1d11      100%        5
 Iron Shot                Conj/Erth      0%         9d1       100%        6
 Summon Cactus Giant      Summ           0%         N/A       100%        6
 Ozocubu's Refrigeration  Ice            0%         4d7       100%        7
 Ignition                 Fire           0%         3d3       100%        8

Inventory:

Missiles
 a - 50 poisoned darts
 g - 10 javelins
 C - 9 curare-tipped darts {=f}
 N - 9 atropa-tipped darts
 U - 9 large rocks (quivered) {=f}
Armour
 i - +4 fire dragon scales (worn)
 v - a +2 tower shield of protection (worn)
 x - a +2 hat
 J - +0 acid dragon scales
 O - a scarf of invisibility (worn)
Jewellery
 f - a ring of fire
 l - an amulet of reflection
 n - an amulet of faith (around neck) {!P}
 u - the ring "Tuloashi" (right claw) {Str+5 SInv}
   (You found it on level 5 of the Dungeon)

   [ring of see invisible]

   Str:       It affects your strength (+5).
   SInv:      It lets you see invisible.
 E - a +5 ring of evasion (left claw)
 F - a ring of protection from fire
 P - a ring of poison resistance
 W - a ring of willpower
Wands
 o - a wand of flame (66)
 s - a wand of digging (9)
 H - a wand of iceblast (10)
 I - a wand of mindburst (3)
 Q - a wand of paralysis (15)
Scrolls
 c - 2 scrolls of magic mapping
 h - a scroll of enchant weapon
 q - 14 scrolls of identify {@r1}
 r - 2 scrolls of brand weapon
 L - 3 scrolls of immolation
Potions
 d - 3 potions of magic
 e - 5 potions of brilliance
 j - a potion of cancellation
 k - 5 potions of attraction
 m - 5 potions of lignification
 p - 9 potions of ambrosia
 t - 3 potions of flight
 w - a potion of haste {@q3}
 z - 9 potions of curing {@q1}
Miscellaneous
 b - a piece from Xom's chessboard (15/15)
 y - a box of beasts
 R - a lightning rod (1/4)

Dungeon Overview and Level Annotations

Branches:
Dungeon (14/15) Temple (0/1) D:6 Lair (5/5) D:8 Swamp (0/4) Lair:3 Snake (2/4) Lair:2 Slime (0/5) Lair:4 Orc (2/2) D:9 Elf (2/3) Orc:2 Vaults (0/5) D:13 D:14

Altars:
Ashenzari
Dithmenos
Elyvilon
Fedhas
Gozag
Hepliaklqana
Kikubaaqudgha
Okawaru
Ru
Trog
Vehumet
Wu Jian
Xom
Yredelemnul
Jiyva

Shops:
D:4 (   D:5 *   D:11 ?((   D:12 [   Orc:2 =:*([   Elf:1 (

Annotations:
D:4 1 runed translucent door, Newt's ghost, amateur DsGl
D:14 Frances; Urug
Lair:2 exclusion: oklob plant

▒ .#. . ... # .
{ h . . {.... h
# . {.#### #
.... . .{ .▒ .
..#. ..## ## ###
.## ####
...#░.†▓# . ..
#...h@#{#..## .
.
.∩.##.#Xh5....##
#░.K..##.....░.
.. ...##.# .# #
#..##### #..## .
.# #.# # ... #..
{ ... # ...


You could see a large abomination, a kobold demonologist, 2 raiju and a shadow
imp (summoned).


Message History

The kobold demonologist looks encouraged for a moment.
You feel the corruption within you wane somewhat.
You feel clever.
You lose the ability to drink potions when taking damage less often.
Press: ? - help, v - describe, . - travel The floor, spattered with blood.
You cannot drink potions in your current state!
Okay, then.
You scratch the raiju but do no damage. You claw the raiju!
The raiju is lightly wounded.
The raiju bites you.
* * * LOW HITPOINT WARNING * * *
The raiju shocks you. You resist.
* * * LOW HITPOINT WARNING * * *
You block the raiju's attack.
The large abomination barely misses you.
You mangle the raiju!! You claw the raiju.
The raiju is almost dead.
You block the raiju's attack. The raiju barely misses you.
The raiju bursts into living lightning!
The living lightning hits the raiju.
The raiju completely resists.
The living lightning hits you. You resist.
* * * LOW HITPOINT WARNING * * *
The raiju blinks!
The large abomination hits you!!
* * * LOW HITPOINT WARNING * * *
Your body deteriorates!
You feel weakened.
You claw the raiju!
You kill the raiju!
You block the raiju's attack. The large abomination hits you!!
You die...

Skill      XL: |  1  2  3  4  5  6  7  8  9 10 11 12 13 14 15 |
---------------+----------------------------------------------+-----
Unarmed Combat | 4 5 6 8 9 10 12 15 16 17 | 17.4
Throwing       | 2 4 7 |  7.0
Shields        | 9 11 13 | 13.9
Fighting       | 4 7 8 |  8.0
Armour         | 11 12 | 12.8
Dodging        | |  1.9

Action                   |  1- 3 |  4- 6 |  7- 9 | 10-12 | 13-15 || total
-------------------------+-------+-------+-------+-------+-------++-------
Melee: Unarmed           |    67 |   193 |   222 |   647 |  1050 ||  2179
       Punch             |     2 |     7 |     9 |    13 |       ||    31
       Bite              |       |    21 |    14 |       |       ||    35
       Kick              |       |       |       |       |   167 ||   167
Throw: Dart              |       |     5 |       |       |       ||     5
       Javelin           |       |       |     6 |    17 |       ||    23
       Throwing net      |       |       |       |     1 |       ||     1
       Large rock        |       |       |       |    12 |    24 ||    36
Evoke: Piece from Xom's  |       |     1 |       |       |       ||     1
       Wand              |       |       |     4 |    10 |    11 ||    25
       Box of beasts     |       |       |       |     1 |       ||     1
       Lightning rod     |       |       |       |       |     8 ||     8
  Use: Scroll            |     5 |     7 |    13 |    12 |    18 ||    55
       Potion            |     1 |     3 |     9 |     6 |    13 ||    32
 Stab: Invisible         |     1 |       |       |       |     4 ||     5
       Sleeping          |     1 |     1 |     2 |     6 |     3 ||    13
       Confused          |       |       |     1 |     6 |     3 ||    10
       Held in net/web   |       |       |       |     2 |       ||     2
       Paralysed         |       |       |       |     1 |     6 ||     7
       Distracted        |       |       |       |     1 |     2 ||     3
       Petrified         |       |       |       |       |     1 ||     1
       Petrifying        |       |       |       |       |     1 ||     1
Armor: Robe              |    23 |    82 |    69 |    50 |       ||   224
       Skin              |       |       |    10 |       |       ||    10
       Acid dragon scale |       |       |       |    95 |    81 ||   176
       Fire dragon scale |       |       |       |       |   189 ||   189
Dodge: Dodged            |    37 |    70 |   108 |   284 |   352 ||   851
Block: Tower shield      |       |       |       |   516 |  1151 ||  1667

Levels and vault maps discovered:
D:1:      lightli_arrival_statue_moat, layout_basic, hex_large,
          serial_bayou_lake_a
D:2:      layout_basic, uniq_jessica
D:3:      layout_rooms, lemuel_tele_altar, uniq_terence, uniq_ijyb
D:4:      wad_crossroads, layout_basic, nzn_wu_jian_council_hall,
          hellmonk_ghost_happy_afterlife, serial_shops,
          nicolae_shop_hallway_plus
D:5:      layout_loops_corners, yredelemnul_altar_generic,
          mainiacjoe_overflow_chevrons, nicolae_gozag_zags_fifth_avenue,
          gammafunk_ghost_smash
D:6:      layout_basic, mainiacjoe_overflow_paths, temple_pool_b
D:7:      layout_cave_pools, uniq_pikel, uniq_duvessa
D:8:      layout_cave_pods, lemuel_round_altar, okawaru_trees_1,
          gammafunk_temple_overflow_forgotten, erik_lair_dragon,
          patterned_corridor
D:9:      layout_basic, overflow_temple_1_default, hiddenorc1_lemuel
D:10:     layout_loops_ring, elyvilon_altar_3, minmay_misc_feat_roman,
          uniq_erolcha
D:11:     layout_roguey, serial_shops, shop_statue, nicolae_take_the_stairs,
          nicolae_shop_statue_plus, uniq_gastronok, uniq_josephine
D:12:     layout_roguey, hellmonk_scale_shop, uniq_nergalle
D:13:     layout_stronghold, nicolae_hexahallways, uniq_lodul
D:14:     layout_irregular_city, david_vaults_3, uniq_frances
Lair:1:   wander_river, layout_small_grid, minivault_19,
          grunt_forest_stairs_basic, minivault_25
Lair:2:   layout_roguey, minmay_snake_entry_spellcaster, tgw_fedhas,
          infiniplex_staircase_pool
Lair:3:   regret_index_wax_grids, layout_misc_corridors,
          palyth_hydra_swamp_entry, portal_ice_cave_entry_pillars_2,
          serial_bayou_shore_b, uniq_snorg
Lair:4:   layout_cave_pods, slime_entry_2, uniq_sonja
Lair:5:   guppyfry_lair_end_dragon, layout_cave_shapes,
          nicolae_quartered_pool_super, st_stairs_6, uniq_urug, uniq_kirke
Snake:1:  layout_onion_interference
Snake:2:  layout_layer_cave, nicolae_snake_naga_rites
Orc:1:    layout_caves, basic_altar
Orc:2:    grunt_orc_gardens, layout_caves, grunt_orc_garden, grunt_orc_garden,
          grunt_orc_garden, grunt_orc_garden, serial_shops,
          nicolae_shop_statue_plus
Elf:1:    elf_arrival_001, layout_loops_cross, serial_shops, shop_statue,
          nicolae_shop_window_shopping, evilmike_minifort
Elf:2:    nicolae_elf_blades_crystal_corner, layout_gridlike, serial_shops,
          nicolae_shop_advertising_works [nicolae_subvault_shop_adworks],
          drop_trap, minmay_shop_grove
Abyss:3:  base: Lair:4, evilmike_abyss_exit_3, evilmike_abyss_exit_14

Notes
Turn   | Place    | Note
-------+----------+-------------------------------------------
     0 | D:1      | demibob the Troll Chaos Knight began the quest for the Orb.
     0 | D:1      | Reached XP level 1. HP: 22/22 MP: 0/0
   133 | D:1      | XOM: silly message
   155 | D:1      | Reached XP level 2. HP: 24/29 MP: 1/1
   210 | D:1      | XOM: divination: magic mapping
   330 | D:1      | XOM: silly message
   455 | D:1      | Reached skill level 4 in Unarmed Combat
   713 | D:2      | Noticed Jessica
   716 | D:2      | Gained mutation: You are somewhat resistant to further
                  | mutation. [potion of mutation]
   717 | D:2      | XOM: potion effect (invisibility)
   718 | D:2      | Killed Jessica
   719 | D:2      | Reached XP level 3. HP: 36/36 MP: 2/2
   831 | D:2      | Reached XP level 4. HP: 44/44 MP: 3/3
   850 | D:2      | Reached skill level 5 in Unarmed Combat
   917 | D:2      | XOM: divination: detect creatures
  1256 | D:2      | Lost mutation: You are somewhat resistant to further
                  | mutation. [potion of mutation]
  1256 | D:2      | Gained mutation: You are partially covered in iridescent
                  | scales. (AC +2) [potion of mutation]
  1256 | D:2      | Gained mutation: You have very sharp teeth. [potion of
                  | mutation]
  1256 | D:2      | Gained mutation: You have a pair of small antennae on your
                  | head. [potion of mutation]
  1256 | D:2      | Gained mutation: Your spells are a little harder to cast,
                  | but a little more powerful. [potion of mutation]
  1438 | D:3      | Noticed Terence
  1446 | D:3      | Found a radiant altar of Vehumet.
  1493 | D:3      | XOM: silly message
  1495 | D:3      | Reached XP level 5. HP: 50/50 MP: 4/4
  1579 | D:3      | Reached skill level 6 in Unarmed Combat
  1598 | D:3      | Noticed Ijyb
  1600 | D:3      | XOM: smoke on damage
  1605 | D:3      | Killed Terence
  1606 | D:3      | XOM: potion effect (brilliance)
  1610 | D:3      | Killed Ijyb
  1630 | D:3      | XOM: cloud trail
  1854 | D:4      | Reached XP level 6. HP: 59/59 MP: 5/5
  1948 | D:4      | Found a runed translucent door.
  1948 | D:4      | Noticed Newt's ghost (amateur DsGl)
  1976 | D:4      | XOM: silly message
  2102 | D:4      | XOM: enchant monster (bad)
  2115 | D:4      | Reached skill level 7 in Unarmed Combat
  2203 | D:4      | Reached skill level 8 in Unarmed Combat
  2203 | D:4      | Reached XP level 7. HP: 61/66 MP: 6/6
  2294 | D:4      | Identified a potion of resistance
  2361 | D:4      | XOM: noise
  2436 | D:4      | Found an ornate altar of the Wu Jian Council.
  2621 | D:4      | Found Xiluklaa's Antique Weapon Boutique.
  2636 | D:4      | XOM: divination: magic mapping
  2667 | D:4      | XOM: divination: magic mapping
  2681 | D:4      | XOM: cast spell 'Alistair's Intoxication'
  2702 | D:4      | XOM: stat loss: -1 Dex (10/11)
  2781 | D:4      | XOM: summons 2 hostile shadow creatures
  3002 | D:5      | Entered Level 5 of the Dungeon
  3122 | D:5      | Found a broken altar of Ashenzari.
  3122 | D:5      | XOM: noise
  3139 | D:5      | Reached skill level 9 in Unarmed Combat
  3169 | D:5      | Found an opulent altar of Gozag.
  3180 | D:5      | XOM: 2-stop teleportation journey
  3189 | D:5      | Found Gozag's Platinum Reserve.
  3385 | D:5      | Identified the ring "Tuloashi" {Str+5 SInv}
  3490 | D:5      | Reached skill level 1 in Throwing
  3538 | D:5      | Noticed a wyvern
  3543 | D:5      | Killed a wyvern
  3544 | D:5      | Reached skill level 2 in Throwing
  3544 | D:5      | Reached XP level 8. HP: 59/74 MP: 7/7
  3786 | D:5      | Found a basalt altar of Yredelemnul.
  3863 | D:5      | Found a transporter.
  3863 | D:5      | Noticed Newt's ghost (novice DsGl)
  3865 | D:5      | Identified the +4 great mace of Ancient Evil {protect,
                  | *Noise Will++ Str+3 Dex+3}
  3866 | D:5      | Found a transporter.
  4015 | D:5      | Killed Newt's ghost
  4016 | D:5      | Reached skill level 3 in Throwing
  4016 | D:5      | Reached skill level 10 in Unarmed Combat
  4138 | D:6      | Reached skill level 4 in Throwing
  4176 | D:6      | Found a staircase to the Ecumenical Temple.
  4253 | D:6      | Found a sacrificial altar of Ru.
  4266 | D:6      | Reached XP level 9. HP: 80/80 MP: 8/8
  4269 | D:6      | Reached skill level 5 in Throwing
  4353 | D:6      | XOM: polymorph orc -> howler monkey
  4471 | D:6      | Reached skill level 11 in Unarmed Combat
  4758 | D:7      | XOM: blink monster(s)
  4832 | D:7      | Noticed Dowan
  4872 | D:7      | XOM: confusion
  4917 | D:7      | Noticed Pikel
  4917 | D:7      | XOM: 1-stop teleportation journey
  4923 | D:7      | XOM: repel stairs
  4927 | D:7      | XOM: confuse monster(s)
  4928 | D:7      | Killed Pikel
  4929 | D:7      | Reached skill level 6 in Throwing
  5039 | D:7      | Noticed Duvessa
  5050 | D:7      | XOM: swap monsters
  5105 | D:7      | XOM: 2-stop teleportation journey
  5121 | D:7      | XOM: noise
  5123 | D:7      | Killed Duvessa
  5126 | D:7      | Reached skill level 12 in Unarmed Combat
  5135 | D:7      | Killed Dowan
  5136 | D:7      | Reached skill level 7 in Throwing
  5468 | D:7      | XOM: give mutation
  5468 | D:7      | Lost mutation: You have very sharp teeth. [Xom's mischief]
  5525 | D:8      | XOM: noise
  5579 | D:8      | Found a shimmering altar of Xom.
  5596 | D:8      | XOM: confusion
  5642 | D:8      | XOM: potion effect (heal wounds)
  5720 | D:8      | Found an iron altar of Okawaru.
  5924 | D:8      | Reached XP level 10. HP: 80/88 MP: 9/9
  5985 | D:8      | Found a hazy altar of Hepliaklqana.
  6009 | D:8      | Found an ancient bone altar of Kikubaaqudgha.
  6014 | D:8      | Found a shadowy altar of Dithmenos.
  6200 | D:8      | Found a staircase to the Lair.
  6200 | D:8      | XOM: 6-stop teleportation journey
  6278 | D:8      | HP: 7/88 [komodo dragon (18)]
  6313 | D:8      | Reached skill level 13 in Unarmed Combat
  6423 | D:8      | XOM: cast spell 'Summon Small Mammal'
  6424 | D:8      | XOM: confuse monster(s)
  6509 | D:8      | XOM: give mutations
  6509 | D:8      | Gained mutation: You occasionally shout uncontrollably at
                  | your foes. [Xom's mischief]
  6509 | D:8      | Gained mutation: Armour fits poorly on your strangely
                  | shaped body. [Xom's mischief]
  6787 | D:9      | Noticed a soul eater
  6789 | D:9      | XOM: scenery: summon butterflies
  6800 | D:9      | Reached skill level 14 in Unarmed Combat
  6870 | D:9      | XOM: 3-stop teleportation journey
  6924 | D:9      | XOM: cloud trail
  6941 | D:9      | XOM: give mutations
  6941 | D:9      | Gained mutation: Your flesh is heat resistant. (rF+) [Xom's
                  | grace]
  6941 | D:9      | Gained mutation: You are resistant to electric shocks.
                  | (rElec) [Xom's grace]
  6979 | D:9      | Found a bloodstained altar of Trog.
  7095 | D:9      | Identified a scroll of acquirement
  7114 | D:9      | XOM: enchant monster (good)
  7121 | D:9      | XOM: confuse monster(s)
  7162 | D:9      | Found a staircase to the Orcish Mines.
  7226 | D:9      | XOM: 5-stop teleportation journey
  7227 | D:9      | Acquired 347 gold pieces
  7357 | D:9      | XOM: scenery: summon butterflies
  7568 | D:10     | Entered Level 10 of the Dungeon
  7594 | D:10     | XOM: god gift: robe {god gift}
  7659 | D:10     | Found a white marble altar of Elyvilon.
  7666 | D:10     | Noticed Erolcha
  7670 | D:10     | XOM: summons 10 friendly demons
  7676 | D:10     | Killed Erolcha
  7696 | D:10     | XOM: divination: detect creatures
  7712 | D:10     | Reached skill level 15 in Unarmed Combat
  7717 | D:10     | XOM: smoke on damage
  7828 | D:10     | XOM: god gift: ring of see invisible
  8013 | D:10     | Noticed a gargoyle
  8018 | D:10     | Killed a gargoyle
  8019 | D:10     | Reached XP level 11. HP: 94/94 MP: 10/10
  8109 | D:10     | XOM: god gift: +2 tower shield of protection
  8132 | D:10     | Reached skill level 1 in Shields
  8232 | D:10     | Reached skill level 2 in Shields
  8292 | D:10     | XOM: give mutations
  8292 | D:10     | Lost mutation: Your flesh is heat resistant. (rF+) [Xom's
                  | mischief]
  8292 | D:10     | Gained mutation: Your magical capacity is low. (-10% MP)
                  | [Xom's mischief]
  8292 | D:10     | Gained mutation: Your flesh is heat resistant. (rF+) [Xom's
                  | mischief]
  8292 | D:10     | Lost mutation: Your spells are a little harder to cast, but
                  | a little more powerful. [Xom's mischief]
  8584 | D:10     | XOM: silly message
  8588 | D:11     | XOM: confuse monster(s)
  8597 | D:11     | Reached skill level 3 in Shields
  8622 | D:11     | Found Jograedd's Antique Weapon Shoppe.
  8673 | D:11     | Found Ykiofipt's Antique Weapon Shop.
  8689 | D:11     | XOM: divine lightning
  8760 | D:11     | XOM: summons friendly red devil
  8783 | D:11     | Reached skill level 4 in Shields
  8901 | D:11     | XOM: 2-stop teleportation journey
  8939 | D:11     | Found Ysufyr's Magic Scroll Emporium.
  8959 | D:11     | Bought a scroll of magic mapping for 97 gold pieces
  8959 | D:11     | Bought a scroll of teleportation for 39 gold pieces
  8959 | D:11     | Bought a scroll of blinking for 97 gold pieces
  8971 | D:11     | Reached skill level 5 in Shields
  8993 | D:11     | XOM: scenery: 1 doors close
  8993 | D:11     | Noticed Gastronok
  8994 | D:11     | XOM: potion effect (invisibility)
  8997 | D:11     | XOM: swap monsters
  9006 | D:11     | XOM: silly message
  9009 | D:11     | Killed Gastronok
  9010 | D:11     | Reached skill level 6 in Shields
  9056 | D:11     | Noticed Josephine
  9057 | D:11     | XOM: swap monsters
  9103 | D:11     | Reached skill level 7 in Shields
  9139 | D:11     | Killed Josephine
  9143 | D:11     | XOM: blink monster(s)
  9147 | D:11     | Reached skill level 8 in Shields
  9311 | D:12     | Found Wetuaghy's Superior Scales.
  9423 | D:8      | XOM: scenery: summon butterflies
  9479 | Lair:1   | Entered Level 1 of the Lair of Beasts
  9741 | Lair:1   | XOM: fog
  9743 | Lair:1   | XOM: give mutation
  9743 | Lair:1   | Gained mutation: You have a somewhat thin skeletal
                  | structure. (Dex +2, Stealth+) [Xom's grace]
  9773 | Lair:1   | XOM: fog
  9775 | Lair:1   | Reached skill level 9 in Shields
  9779 | Lair:1   | XOM: summons 1 hostile demon
  9785 | Lair:1   | XOM: enchant monster (bad)
  9787 | Lair:1   | XOM: noise
  9791 | Lair:1   | Reached XP level 12. HP: 72/104 MP: 9/9
  9827 | Lair:1   | XOM: summons 7 hostile demons
  9828 | Lair:1   | XOM: give mutations
  9828 | Lair:1   | Gained mutation: You are agile. (Dex +4, Str/Int -1) [Xom's
                  | grace]
  9828 | Lair:1   | Gained mutation: Your spells are a little harder to cast,
                  | but a little more powerful. [Xom's grace]
  9828 | Lair:1   | Gained mutation: Your muscles are strong. (Str +4, Int/Dex
                  | -1) [Xom's grace]
  9857 | Lair:1   | XOM: polymorph white imp -> iron imp
 10153 | Lair:1   | XOM: stat loss: -1 Str (30/31)
 10172 | Lair:1   | XOM: give mutations
 10172 | Lair:1   | Lost mutation: You have a pair of small antennae on your
                  | head. [Xom's mischief]
 10172 | Lair:1   | Gained mutation: You heal very quickly. [Xom's mischief]
 10172 | Lair:1   | Lost mutation: Your flesh is heat resistant. (rF+) [Xom's
                  | mischief]
 10268 | Lair:2   | Found a staircase to the Snake Pit.
 10272 | Lair:2   | XOM: blink monster(s)
 10318 | Lair:2   | XOM: stat loss: -1 Int (5/6)
 10482 | D:7      | XOM: summons 7 hostile demons
 10586 | D:10     | XOM: noise
 10589 | D:10     | XOM: god gift: potion of curing
 10763 | Lair:2   | XOM: butterfly on damage
 10898 | Lair:2   | Reached skill level 10 in Shields
 11022 | Lair:2   | XOM: give mutation
 11022 | Lair:2   | Lost mutation: You are resistant to electric shocks.
                  | (rElec) [Xom's mischief]
 11274 | Lair:2   | Found a blossoming altar of Fedhas.
 11304 | Lair:2   | XOM: summons 1 hostile demon
 11602 | Lair:3   | Noticed a six-headed hydra
 11607 | Lair:3   | XOM: enchant monster (bad)
 11609 | Lair:3   | Killed a nine-headed hydra
 11720 | Lair:3   | Noticed a seven-headed hydra
 11730 | Lair:3   | an eight-headed hydra changed into a goliath frog
 11730 | Lair:3   | XOM: polymorph eight-headed hydra -> goliath frog
 11731 | Lair:3   | XOM: swap monsters
 11753 | Lair:3   | XOM: scenery: create altars
 11798 | Lair:3   | Reached skill level 11 in Shields
 11945 | Lair:3   | Found a frozen archway.
 11964 | Lair:3   | Noticed Snorg
 11980 | Lair:3   | HP: 9/104 [Snorg (5)]
 11982 | Lair:3   | Killed Snorg
 12071 | Lair:3   | Reached skill level 3 in Fighting
 12213 | Lair:2   | XOM: give mutation
 12213 | Lair:2   | Gained mutation: You possess an exceptional clarity of
                  | mind. [Xom's grace]
 12253 | Lair:3   | XOM: cloud trail
 12314 | Lair:3   | XOM: give mutations
 12314 | Lair:3   | Lost mutation: You occasionally shout uncontrollably at
                  | your foes. [Xom's mischief]
 12314 | Lair:3   | Lost mutation: You heal very quickly. [Xom's mischief]
 12332 | Lair:3   | XOM: swap monsters
 12420 | Lair:3   | Noticed a five-headed hydra
 12424 | Lair:3   | XOM: summons 1 hostile demon
 12430 | Lair:3   | XOM: scenery: create altars
 12472 | Lair:4   | XOM: silly message
 12554 | Lair:4   | XOM: 1-stop teleportation journey
 12591 | Lair:4   | Found a runed translucent door.
 12593 | Lair:4   | Found a viscous altar of Jiyva.
 12595 | Lair:4   | Found a staircase to the Slime Pits.
 12626 | Lair:4   | You fall into a shaft and drop 1 floor!
 12626 | Lair:5   | Entered Level 5 of the Lair of Beasts
 12642 | Lair:5   | XOM: 1-stop teleportation journey
 12652 | Lair:5   | Noticed a four-headed hydra
 12658 | Lair:5   | XOM: noise
 12659 | Lair:5   | Noticed an eight-headed hydra
 12660 | Lair:5   | XOM: enchant monster (bad)
 12666 | Lair:5   | HP: 9/107 [four-headed hydra (8)]
 12689 | Lair:5   | XOM: swap monsters
 12698 | Lair:5   | XOM: noise
 12700 | Lair:5   | XOM: polymorph basilisk -> shapeshifter
 12764 | Lair:3   | XOM: scenery: create altars
 13032 | D:12     | Reached skill level 4 in Fighting
 13061 | D:12     | Noticed a boulder beetle
 13075 | D:12     | XOM: scenery: 1 doors close
 13100 | D:12     | Killed a boulder beetle
 13255 | D:12     | XOM: blink monster(s)
 13305 | D:12     | XOM: confuse monster(s)
 13442 | D:12     | Noticed Nergalle
 13444 | D:12     | XOM: potion effect (haste)
 13456 | D:12     | Killed Nergalle
 13457 | D:12     | Reached XP level 13. HP: 115/117 MP: 10/10
 13621 | D:13     | XOM: destruction
 13629 | D:13     | Reached skill level 12 in Shields
 13642 | D:13     | XOM: fog
 13655 | D:13     | XOM: confuse monster(s)
 13721 | D:13     | XOM: 1-stop teleportation journey
 13778 | D:13     | Reached skill level 5 in Fighting
 13783 | D:13     | XOM: god gift: scroll of vulnerability
 13813 | D:13     | XOM: blink monster(s)
 13814 | D:13     | XOM: silly message
 13823 | D:13     | Reached skill level 16 in Unarmed Combat
 13876 | D:13     | XOM: 3-stop teleportation journey
 13901 | D:13     | Noticed Lodul
 13916 | D:13     | XOM: summons friendly white imp
 13921 | D:13     | Killed Lodul
 14177 | D:13     | XOM: 3-stop teleportation journey
 14304 | D:13     | XOM: noise
 14307 | D:13     | XOM: blink monster(s)
 14533 | D:13     | XOM: summons 7 hostile demons
 14729 | D:14     | Found a gate to the Vaults.
 14844 | D:10     | XOM: summons 3 hostile shadow creatures
 15060 | Lair:3   | XOM: chaos cloud
 15061 | Lair:3   | Paralysed by you for 5 turns
 15181 | Lair:3   | XOM: noise
 15218 | Lair:3   | XOM: blink monster(s)
 15260 | Lair:3   | XOM: noise
 15483 | Lair:3   | XOM: draining
 15611 | Lair:3   | Found a staircase to the Swamp.
 15761 | Lair:4   | Noticed Sonja
 15768 | Lair:4   | Killed Sonja
 15769 | Lair:4   | Reached skill level 6 in Fighting
 15792 | Lair:4   | XOM: give mutation
 15792 | Lair:4   | Gained mutation: Your body sometimes deteriorates upon
                  | taking damage. [Xom's mischief]
 15894 | Lair:4   | XOM: silly message
 16020 | Lair:5   | Noticed Kirke
 16020 | Lair:5   | XOM: 1-stop teleportation journey
 16029 | Lair:5   | XOM: enchant monster (bad)
 16031 | Lair:5   | XOM: enchant monster (bad)
 16042 | Lair:5   | XOM: give mutations
 16042 | Lair:5   | Gained mutation: You are strong-willed. (Will+) [Xom's
                  | mischief]
 16042 | Lair:5   | Lost mutation: Your spells are a little harder to cast, but
                  | a little more powerful. [Xom's mischief]
 16047 | Lair:5   | XOM: snakes to sticks
 16138 | Lair:5   | XOM: noise
 16140 | Lair:5   | XOM: cleaving
 16143 | Lair:5   | XOM: blink monster(s)
 16146 | Lair:5   | XOM: scenery: create altars
 16148 | Lair:5   | XOM: enchant monster (bad)
 16150 | Lair:5   | XOM: polymorph boggart -> shapeshifter
 16199 | Lair:4   | XOM: god gift: scroll of teleportation
 16254 | Lair:5   | XOM: confuse monster(s)
 16259 | Lair:5   | XOM: silly message
 16475 | Lair:5   | XOM: silly message
 16480 | Lair:5   | XOM: cast spell 'Leda's Liquefaction'
 16481 | Lair:5   | XOM: confuse monster(s)
 16489 | Lair:5   | XOM: potion effect (berserk rage)
 16500 | Lair:5   | XOM: potion effect (might)
 16541 | Lair:5   | XOM: silly message
 16568 | Lair:5   | Reached skill level 13 in Shields
 16595 | Lair:5   | XOM: silly message
 16776 | Lair:5   | XOM: 1-stop teleportation journey
 16807 | Lair:5   | XOM: cloud trail
 16938 | Lair:5   | Killed Kirke
 16939 | Lair:5   | Reached skill level 7 in Fighting
 17131 | Lair:5   | XOM: summons friendly iron imp
 17156 | Lair:5   | XOM: silly message
 17225 | Lair:5   | XOM: silly message
 17231 | Lair:5   | Reached XP level 14. HP: 133/133 MP: 11/11
 17250 | Lair:5   | XOM: summons friendly white imp
 17570 | Lair:5   | Reached skill level 17 in Unarmed Combat
 17614 | Lair:5   | XOM: divination: detect creatures
 17759 | Lair:1   | XOM: god gift: 47 gold pieces
 17980 | D:14     | Noticed Urug
 17980 | D:14     | Noticed Frances
 17985 | D:13     | XOM: divination: magic mapping
 18096 | Orc:1    | Entered Level 1 of the Orcish Mines
 18103 | Orc:1    | Reached skill level 1 in Armour
 18109 | Orc:1    | XOM: chaos upgrade
 18118 | Orc:1    | XOM: 7-stop teleportation journey
 18163 | Orc:1    | XOM: polymorph orc wizard -> boggart
 18272 | Orc:2    | Entered Level 2 of the Orcish Mines
 18282 | Orc:2    | XOM: divination: detect creatures
 18288 | Orc:2    | XOM: confuse monster(s)
 18308 | Orc:2    | Reached skill level 2 in Armour
 18313 | Orc:2    | Found Votuihirr's Antique Weapon Shop.
 18316 | Orc:2    | XOM: noise
 18346 | Orc:2    | XOM: divination: detect creatures
 18347 | Orc:2    | XOM: confuse monster(s)
 18393 | Orc:2    | Found Odamij's General Store.
 18404 | Orc:2    | Found Codoanom's Book Emporium.
 18443 | Orc:2    | Found Bux Opet's Jewellery Emporium.
 18447 | Orc:2    | XOM: confuse monster(s)
 18615 | Orc:2    | Identified a +2 robe of the Archmagi
 18615 | Orc:2    | Noticed an orc warlord
 18616 | Orc:2    | XOM: scenery: summon butterflies
 18617 | Orc:2    | Reached skill level 3 in Armour
 18627 | Orc:2    | XOM: give mutations
 18627 | Orc:2    | Gained mutation: You have a pair of small antennae on your
                  | head. [Xom's grace]
 18627 | Orc:2    | Lost mutation: Your magical capacity is low. (-10% MP)
                  | [Xom's grace]
 18627 | Orc:2    | Gained mutation: Your flesh is cold resistant. (rC+) [Xom's
                  | grace]
 18627 | Orc:2    | Gained mutation: You expend magic power (3 MP) to
                  | strengthen your wands. [Xom's grace]
 18642 | Orc:2    | Killed an orc warlord
 18685 | Orc:2    | Found a staircase to the Elven Halls.
 18693 | Orc:2    | XOM: god gift: wand of iceblast (4)
 18696 | Orc:2    | Found Watib's Antique Armour Emporium.
 18777 | Orc:2    | XOM: give mutations
 18777 | Orc:2    | Gained mutation: You have sharp toenails. [Xom's grace]
 18777 | Orc:2    | Gained mutation: You are robust. (+10% HP) [Xom's grace]
 19032 | Orc:2    | Bought a manual of Armour for 1200 gold pieces
 19032 | Orc:2    | Upgraded the game from 0.30-a0-571-gdf30a72648 to
                  | 0.30-a0-576-g89cddaab80
 19377 | D:8      | XOM: give mutations
 19377 | D:8      | Gained mutation: You are resistant to electric shocks.
                  | (rElec) [Xom's grace]
 19377 | D:8      | Gained mutation: Your flesh is very cold resistant. (rC++)
                  | [Xom's grace]
 19377 | D:8      | Gained mutation: You have hidden genetic potential. [Xom's
                  | grace]
 19467 | Lair:2   | XOM: give mutations
 19467 | Lair:2   | Gained mutation: Your flesh is almost immune to the effects
                  | of cold. (rC+++) [Xom's grace]
 19467 | Lair:2   | Lost mutation: You have hidden genetic potential. [Xom's
                  | grace]
 19467 | Lair:2   | Gained mutation: You are somewhat resistant to further
                  | mutation. [Xom's grace]
 19467 | Lair:2   | Gained mutation: You have razor-sharp toenails. [Xom's
                  | grace]
 19501 | Lair:2   | XOM: god gift: scale mail {god gift}
 19509 | Snake:1  | Entered Level 1 of the Snake Pit
 19509 | Snake:1  | XOM: cleaving
 19518 | Snake:1  | XOM: scenery: summon butterflies
 19528 | Lair:2   | Reached skill level 4 in Armour
 19598 | Lair:2   | XOM: cast spell 'Death Channel'
 19607 | Lair:2   | Reached skill level 5 in Armour
 19617 | Lair:2   | XOM: fog
 19618 | Lair:2   | XOM: summons 4 friendly demons
 19627 | Lair:2   | Reached skill level 6 in Armour
 19697 | Snake:1  | XOM: god gift: +6 ring of strength
 19699 | Snake:1  | XOM: fog
 19714 | Snake:1  | Reached skill level 7 in Armour
 19808 | Lair:2   | Lost mutation: You are robust. (+10% HP) [potion of
                  | mutation]
 19808 | Lair:2   | Lost mutation: You are somewhat resistant to further
                  | mutation. [potion of mutation]
 19808 | Lair:2   | Gained mutation: You have a pair of antennae on your head.
                  | [potion of mutation]
 19809 | Lair:2   | Lost mutation: Armour fits poorly on your strangely shaped
                  | body. [potion of mutation]
 19809 | Lair:2   | Lost mutation: You possess an exceptional clarity of mind.
                  | [potion of mutation]
 19809 | Lair:2   | Lost mutation: You are strong-willed. (Will+) [potion of
                  | mutation]
 19809 | Lair:2   | Gained mutation: You have hidden genetic potential. [potion
                  | of mutation]
 19897 | Snake:1  | XOM: scenery: create altars
 19931 | Snake:1  | XOM: fog
 19937 | Snake:1  | XOM: summons friendly shadow imp
 19944 | Snake:1  | Reached skill level 8 in Armour
 19948 | Snake:1  | XOM: confuse monster(s)
 20095 | Snake:1  | XOM: smoke on damage
 20165 | Snake:1  | XOM: cast spell 'Metabolic Englaciation'
 20168 | Snake:1  | XOM: enchant monster (good)
 20173 | Snake:1  | Reached skill level 9 in Armour
 20222 | Snake:1  | XOM: summons friendly crimson imp
 20225 | Snake:1  | XOM: snakes to sticks
 20263 | Snake:1  | XOM: polymorph crimson imp -> quasit
 20266 | Snake:1  | XOM: summons 3 hostile demons
 20276 | Snake:1  | XOM: silly message
 20310 | Snake:1  | XOM: polymorph quasit -> shadow imp
 20460 | Snake:1  | XOM: god gift: potion of curing
 20533 | Snake:1  | XOM: scenery: create altars
 20640 | Snake:2  | XOM: fake destruction
 20714 | Snake:2  | XOM: divination: detect creatures
 20731 | Snake:2  | XOM: enchant monster (good)
 20755 | Snake:2  | XOM: divination: detect creatures
 20935 | Snake:2  | Noticed a nagaraja
 20954 | Snake:2  | Killed a nagaraja
 20955 | Snake:2  | Reached skill level 10 in Armour
 21002 | Snake:2  | XOM: divination: detect creatures
 21045 | Snake:2  | XOM: scenery: summon butterflies
 21144 | Snake:2  | XOM: 2-stop teleportation journey
 21151 | Snake:2  | XOM: 5-stop teleportation journey
 21237 | Snake:2  | XOM: stat loss: -1 Int (5/6)
 21282 | Snake:2  | XOM: chaos cloud
 21285 | Snake:2  | XOM: summons friendly crimson imp
 21288 | Snake:2  | XOM: enchant monster (good)
 21289 | Snake:2  | XOM: snakes to sticks
 21290 | Snake:2  | XOM: 1-stop teleportation journey
 21295 | Snake:2  | XOM: scenery: summon butterflies
 21296 | Snake:2  | XOM: destruction
 21424 | Lair:4   | Fell from the grace of Xom
 21424 | Lair:4   | Became a worshipper of Jiyva Jizaegg the Shapeless
 23410 | Elf:1    | Entered Level 1 of the Elven Halls
 23430 | Elf:1    | Reached skill level 11 in Armour
 23439 | Elf:1    | Reached XP level 15. HP: 121/140 MP: 14/14
 23676 | Elf:1    | Reached skill level 12 in Armour
 23681 | Elf:1    | Found Byeta's Antique Weapon Emporium.
 23700 | Elf:1    | Paralysed by an air elemental for 1 turns
 23913 | Elf:1    | XOM: summons 3 hostile shadow creatures
 24022 | Elf:1    | Noticed a deep elf sorcerer
 24043 | Elf:1    | You are cast into the Abyss!
 24043 | Abyss:3  | Reached * piety under Jiyva
 24043 | Abyss:3  | Cast into level 3 of the Abyss (a deep elf sorcerer)
 24064 | Abyss:3  | Found a corrupted altar of Lugonu.
 24272 | Abyss:3  | Noticed a tentacled starspawn
 24289 | Abyss:3  | Killed a tentacled starspawn
 24333 | Abyss:3  | Noticed a tentacled starspawn
 24343 | Abyss:3  | Gained mutation: You have a pair of large antennae on your
                  | head. (SInv) [hidden potential]
 24349 | Abyss:3  | Killed a tentacled starspawn
 24397 | Abyss:3  | Noticed a tentacled starspawn
 24418 | Abyss:3  | Killed a tentacled starspawn
 24431 | Abyss:3  | Reached skill level 8 in Fighting
 24440 | Abyss:3  | Slain by a large abomination

Vanquished Creatures
  Gastronok (D:11)
  Kirke (Lair:5)
  3 tentacled starspawn (Abyss:3)
  A nagaraja (Snake:2)
  An orc warlord (Orc:2)
  A lorocyproca (Abyss:3)
  Snorg (Lair:3)
  A fire dragon (Lair:5)
  Josephine (D:11)
  Erolcha (D:10)
  4 hydras
  A rakshasa (Abyss:3)
  3 anacondas
  A catoblepas (D:13)
  A boulder beetle (D:12)
  7 dancing weapons
  A thrashing horror (Abyss:3)
  2 naga warriors
  2 naga sharpshooters
  Sonja (Lair:4)
  An orc high priest (Orc:2)
  2 wretched stars (Abyss:3)
  Nergalle (D:12)
  4 deep elf knights (Elf:1)
  A goliath frog (Lair:3)
  A fire crab (shapeshifter) (Abyss:3)
  A deep elf archer (Elf:1)
  Lodul (D:13)
  2 starcursed masses (Abyss:3)
  A naga ritualist (Snake:1)
  2 orc knights (Orc:2)
  Pikel (D:7)
  7 deep elf zephyrmancers (Elf:1)
  8 deep elf pyromancers
  5 orc sorcerers
  3 mana vipers (Snake:1)
  A salamander (Snake:1)
  2 manticores
  2 ugly things (D:12)
  3 cyclopes
  12 black mambas
  7 elephants
  A naga mage (Snake:1)
  A black mamba (shapeshifter) (Lair:5)
  A torpor snail (Lair:5)
  A guardian serpent (Lair:1)
  11 cane toads
  3 gargoyles
  2 demonic crawlers (Abyss:3)
  A rime drake (shapeshifter) (D:12)
  2 unseen horrors (D:11)
  The ghost of Newt the Shooter, a novice DsGl of Hepliaklqana (D:5)
  4 kobold demonologists
  2 rime drakes (Lair:5)
  7 komodo dragons
  A tengu conjurer (D:13)
  A silent spectre (Abyss:3)
  3 trolls
  An ancient zyme (Abyss:3)
  A queen bee (Lair:3)
  2 large abominations (Abyss:3)
  A polar bear (Lair:1)
  5 blink frogs
  A tyrant leech (Lair:3)
  5 slime creatures (D:11)
  2 raiju (Abyss:3)
  5 shadows
  10 wyverns
  An air elemental (Elf:1)
  6 wraiths
  10 yaks
  6 hogs (Lair:5)
  A water elemental (Abyss:3)
  A fire elemental (Elf:1)
  5 humans (D:13)
  11 vampire mosquitoes
  5 basilisks
  3 steam dragons
  9 nagas
  4 wargs (Orc:2)
  2 swamp worms (Lair:3)
  9 water moccasins
  Duvessa (D:7)
  4 acid dragons
  2 sky beasts
  27 orc warriors
  3 swamp drakes
  3 ice beasts
  2 black bears
  A boggart (Orc:1)
  11 ogres
  21 wolves
  6 centaurs
  A phantom (D:5)
  4 kobold brigands
  11 bullfrogs
  A scorpion (D:4)
  2 earth elementals (Elf:1)
  A gnoll sergeant (D:10)
  3 small abominations (Abyss:3)
  Dowan (D:7)
  43 killer bees
  2 howler monkeys
  An electric eel (Lair:2)
  4 jellies
  3 hounds
  16 orc priests
  A gnoll bouda (D:10)
  Jessica (D:2)
  Ijyb (D:3)
  Terence (D:3)
  A hell rat (Lair:3)
  7 iguanas
  19 orc wizards
  16 gnolls
  9 adders
  A shadow imp (D:6)
  A white imp (D:5)
  3 worms
  A dart slug (D:2)
  79 orcs
  10 endoplasms
  6 giant cockroaches
  9 goblins
  5 hobgoblins
  2 jackals (D:2)
  13 kobolds
  2 quokkas
  12 ball pythons
  5 bats
  7 frilled lizards
  5 rats
  A starspawn tentacle (Abyss:3)
643 creatures vanquished.

Vanquished Creatures (collateral kills)
  A naga warrior (Lair:2)
  A swamp dragon (Lair:5)
  A naga ritualist (Snake:2)
  A guardian serpent (Snake:2)
  A cane toad (Snake:2)
  A naga mage (Snake:1)
  2 nagas
  An orc warrior (D:10)
  A scorpion (D:6)
  An iguana (D:6)
  3 orc wizards (D:6)
  3 gnolls
  An adder (D:6)
  A white imp (D:6)
  8 orcs
27 creatures vanquished.

Vanquished Creatures (others)
  2 great orbs of eyes (Abyss:3)
  A deep elf archer (Elf:1)
  A moth of wrath (shapeshifter) (Abyss:3)
  A raiju (Abyss:3)
  A large abomination (Abyss:3)
  A wraith (D:11)
  A vampire mosquito (D:11)
  A black bear (shapeshifter) (Abyss:3)
  17 jellies
  55 fungi
  50 plants
  11 starspawn tentacles (Abyss:3)
  18 toadstools (Lair:2)
160 creatures vanquished.

Grand Total: 830 creatures vanquished

Table legend: (Time is in decaauts)
 A = Elapsed time spent in this place.
 B = Non-inter-level travel time spent in this place.
 C = Inter-level travel time spent in this place.
 D = Time resting spent in this place.
 E = Time spent auto-exploring this place.
 F = Levels seen in this place.
 G = Mean time per level.
                   A        B        C        D        E       F      G
               +--------+--------+--------+--------+--------+-----+--------+
         Total |  24277 |  21127 |   3150 |   3320 |  12841 |  26 |  933.7 |
       Dungeon |  12559 |  10676 |   1883 |    769 |   7676 |  14 |  897.1 |
          Lair |   7162 |   6083 |   1079 |   1460 |   3126 |   5 | 1432.4 |
     Snake Pit |   1515 |   1490 |     25 |    114 |   1042 |   2 |  757.5 |
  Orcish Mines |   2004 |   1843 |    161 |    680 |    760 |   2 | 1002.0 |
   Elven Halls |    656 |    656 |      0 |    157 |    237 |   2 |  328.0 |
         Abyss |    379 |    379 |      0 |    138 |      0 |   1 |  379.0 |
               +--------+--------+--------+--------+--------+-----+--------+

Top non-repeatable levels by time:
  Lair:2: 1931 daAuts
  Lair:5: 1802 daAuts
     D:8: 1696 daAuts
  Lair:3: 1619 daAuts
   Orc:2: 1280 daAuts
     D:9: 1254 daAuts
    D:13: 1254 daAuts
    D:10: 1253 daAuts
     D:4: 1225 daAuts
  Lair:1: 1067 daAuts
     D:5: 1055 daAuts
    D:11: 888 daAuts
     D:7: 869 daAuts
 Snake:1: 805 daAuts
  Lair:4: 739 daAuts

Table legend:
 A = Non-vault XP
 B = Vault XP
 C = Vault XP percentage of total XP
 D = Non-vault monster count
 E = Vault monster count
 F = Vault count percentage of total count
                 A         B        C        D         E       F
            +---------+---------+-------+---------+---------+-------
      Total |   94514 |   37529 |  28.4 |     504 |     166 |  24.8
            +---------+---------+-------+---------+---------+-------
        D:1 |      30 |       0 |   0.0 |      20 |       0 |   0.0
        D:2 |      68 |      37 |  35.2 |      24 |       1 |   4.0
        D:3 |     121 |      72 |  37.3 |      23 |       2 |   8.0
        D:4 |     602 |      10 |   1.6 |      36 |       4 |  10.0
        D:5 |     616 |     503 |  45.0 |      15 |       2 |  11.8
        D:6 |    1135 |       0 |   0.0 |      39 |       0 |   0.0
        D:7 |     975 |     833 |  46.1 |      19 |       3 |  13.6
        D:8 |     748 |    1488 |  66.5 |       7 |       6 |  46.2
        D:9 |    1827 |     185 |   9.2 |      24 |      17 |  41.5
       D:10 |    1759 |     874 |  33.2 |      24 |       1 |   4.0
       D:11 |    4154 |    3416 |  45.1 |      17 |       7 |  29.2
       D:12 |    5763 |     946 |  14.1 |      24 |       2 |   7.7
       D:13 |    4733 |    2441 |  34.0 |      13 |      12 |  48.0
     Lair:1 |    2563 |     427 |  14.3 |      16 |       1 |   5.9
     Lair:2 |    6581 |       0 |   0.0 |      18 |       0 |   0.0
     Lair:3 |    1476 |   10014 |  87.2 |       4 |      53 |  93.0
     Lair:4 |    1867 |     875 |  31.9 |      10 |       5 |  33.3
     Lair:5 |   10645 |    5900 |  35.7 |      36 |      20 |  35.7
    Snake:1 |   10089 |       0 |   0.0 |      22 |       0 |   0.0
    Snake:2 |    5144 |       0 |   0.0 |      10 |       0 |   0.0
      Orc:1 |    1358 |       0 |   0.0 |      30 |       0 |   0.0
      Orc:2 |    2052 |    7734 |  79.0 |      22 |      27 |  55.1
      Elf:1 |   15358 |    1774 |  10.4 |      26 |       3 |  10.3
      Elf:2 |     818 |       0 |   0.0 |       1 |       0 |   0.0
    Abyss:3 |   14032 |       0 |   0.0 |      24 |       0 |   0.0
            +---------+---------+-------+---------+---------+-------
